 Dungeon Crawl Stone Soup version 0.18-a0-1323-g706dcef (webtiles) character file.

628 M4edhros the Covert (level 7, -1/43 HPs)
             Began as an Octopode Artificer on Feb 15, 2016.
             Was a Follower of Fedhas.
             Shot with an arrow by a centaur (12 damage)
             ... on level 5 of the Dungeon.
             The game lasted 00:05:17 (3810 turns).

M4edhros the Covert (Octopode Artificer)            Turns: 3810, Time: 00:05:17

Health: -1/43      AC:  1    Str: 10    XL:     7   Next: 48%
Magic:  18/18      EV: 13    Int: 17    God:    Fedhas [*.....]
Gold:   277        SH:  3    Dex: 17    Spells: 0 memorised, 6 levels left

rFire  . . .     SeeInvis .     o - +1 dagger (venom)
rCold  . . .     Gourm    .     (no shield)
rNeg   . . .     Faith    .     (helmet restricted)
rPois  .         Spirit   .     C - +3 amulet of reflection
rElec  .         Dismiss  .     m - +5 ring of dexterity
rCorr  .         Reflect  +     z - ring of stealth
SustAt .         Harm     .     E - ring of magical power
MR     .....                    (no ring)
Stlth  ++++++++..               (no ring)
                                (no ring)
                                (no ring)
                                (no ring)

@: not resistant to hostile enchantments, extraordinarily stealthy
A: almost no armour, amphibious, 8 rings, constrict 8, camouflage 1, gelatinous
body 1
a: Evolution, Renounce Religion


You were on level 5 of the Dungeon.
You worshipped Fedhas.
Fedhas was aware of your devotion.
You were not hungry.

You visited 2 branches of the dungeon, and saw 6 of its levels.

You collected 277 gold pieces.

Inventory:

Hand Weapons
 o - a +1 dagger of venom (weapon)
Missiles
 i - 85 stones (quivered)
 k - 16 sling bullets
Jewellery
 m - a +5 ring of dexterity (left tentacle)
 z - a ring of stealth (right tentacle)
 C - a +3 amulet of reflection (around mantle)
 E - a ring of magical power (on tentacle)
Wands
 b - a wand of flame (11/48)
 c - a wand of enslavement (8/24)
 d - a wand of random effects (15/48)
 y - a wand of digging (12/24)
 G - a wand of disintegration (8/24)
Scrolls
 a - 3 scrolls of teleportation {unknown}
 e - 3 scrolls of recharging {unknown}
 n - 3 scrolls of remove curse {unknown}
 p - 5 scrolls of identify {unknown}
 u - 2 scrolls of magic mapping {unknown}
 v - a scroll of fear {unknown}
 B - 3 scrolls of amnesia {unknown}
Potions
 g - a potion of agility {unknown}
 l - a potion of brilliance {unknown}
 q - a potion of lignification {unknown}
 r - a potion of cure mutation {unknown}
 s - 2 potions of heal wounds {unknown}
 w - a potion of flight {unknown}
 x - 2 potions of berserk rage {unknown}
 A - 3 potions of curing {unknown}
 F - a potion of beneficial mutation {unknown}
Comestibles
 f - 5 bread rations
 h - 3 meat rations
 j - 4 fruits
 t - a slice of pizza
 D - 2 beef jerkies


   Skills:
 - Level 1.0 Fighting
 - Level 1.0 Short Blades
 - Level 2.0 Dodging
 + Level 11.1 Stealth
 - Level 3.2 Evocations


You had 6 spell levels left.
You didn't know any spells.

Dungeon Overview and Level Annotations

Branches:
Dungeon (5/15)             Temple (1/1) D:4

Altars:
Elyvilon
Fedhas
Gozag
Makhleb
Okawaru
Pakellas
Qazlal
Sif Muna
Trog
Vehumet
Yredelemnul

Shops:
D:4 =[


Innate Abilities, Weirdness & Mutations

You cannot wear most types of armour.
You are amphibious.
You can wear up to eight rings at the same time.
You can use your tentacles to constrict eight enemies at once.
Your skin changes colour to match your surroundings (Stealth).
Your rubbery body absorbs attacks (AC +1).


Message History

Your wandering mushroom releases spores at the gnoll!
The gnoll dies!
The centaur shoots an arrow.
The arrow hits your wandering mushroom.
Throwing (i - inventory):
i - 86 stones (quivered)
Press: ? - help, Shift-Dir - straight line, f - centaur
Aim: a centaur, wielding a shortbow (moderately wounded)
You throw a stone.
The stone hits the quokka but does no damage.
The quokka bites you.
* * * LOW HITPOINT WARNING * * *
The centaur shoots an arrow.
The arrow hits your wandering mushroom!
The gnoll hits your wandering mushroom with a flail.
Your wandering mushroom is destroyed!
You feel a little guilty. You block the quokka's attack.
Drink which item? (? for menu, Esc to quit)
Okay, then.
The quokka misses you.
The centaur shoots an arrow.
The arrow hits you!
You die...
Fedhas appreciates your contribution to the ecosystem.

#...( ...(. #.....
...... ##.(....
##....... #
##.c...... #.####
#.(.......
##..@r######.........
#......g.gg(.........
#.####c..............
#. ######.......... #
##.........
##.........
#..........
#..........
##.......##


You could see a centaur, 3 gnolls and a quokka.

Vanquished Creatures
  An ogre (D:4)
  2 orc priests
  A scorpion (D:4)
  A crimson imp (D:5)
  An orc wizard (D:4)
  2 worker ants (D:4)
  2 hound skeletons
  9 adders
  An ooze (D:5)
  An adder skeleton (D:4)
  A worm (D:2)
  4 giant geckos
  7 orcs
  5 bats
  6 giant cockroaches
  8 goblins
  10 hobgoblins
  9 jackals
  A quokka (D:3)
  A ball python (D:2)
  A giant gecko zombie (D:5)
  2 giant newts
  7 kobolds
  7 rats
90 creatures vanquished.

Vanquished Creatures (collateral kills)
  A hungry ghost (D:5)
  An orc priest (D:4)
  A gnoll (D:5)
  2 orcs (D:4)
  A ball python (D:4)
6 creatures vanquished.

Vanquished Creatures (others)
  A wandering mushroom (D:5)
  2 orc wizards (D:4)
  3 orcs (D:4)
  40 toadstools
46 creatures vanquished.

Grand Total: 142 creatures vanquished

Notes
Turn   | Place    | Note
--------------------------------------------------------------
     0 | D:1      | M4edhros the Octopode Artificer began the quest for the Orb.
     0 | D:1      | Reached XP level 1. HP: 13/13 MP: 3/3
   176 | D:1      | Reached XP level 2. HP: 18/18 MP: 4/4
   613 | D:2      | Reached skill level 4 in Stealth
   626 | D:3      | Reached XP level 3. HP: 23/23 MP: 5/5
   737 | D:4      | Reached skill level 5 in Stealth
   748 | D:4      | Reached XP level 4. HP: 10/28 MP: 6/6
   875 | D:4      | Reached skill level 6 in Stealth
   981 | D:4      | Found a basalt altar of Yredelemnul.
   996 | D:4      | Reached XP level 5. HP: 23/33 MP: 7/7
  1200 | D:4      | Reached skill level 7 in Stealth
  1268 | D:4      | Found Siec's Jewellery Shop.
  1319 | D:4      | Noticed an ogre
  1329 | D:4      | Found a bloodstained altar of Trog.
  1337 | D:4      | Reached skill level 8 in Stealth
  1365 | D:4      | Reached XP level 6. HP: 31/38 MP: 8/8
  1525 | D:4      | Reached skill level 9 in Stealth
  1595 | D:4      | Found a staircase to the Ecumenical Temple.
  1632 | D:4      | Found Moqeh's Armour Boutique.
  1776 | Temple   | Entered the Ecumenical Temple
  1794 | Temple   | Became a worshipper of Fedhas Madash
  2490 | D:3      | Reached * piety under Fedhas
  2498 | D:3      | Reached skill level 10 in Stealth
  2504 | D:3      | Reached XP level 7. HP: 41/43 MP: 9/9
  2694 | D:2      | Found a burning altar of Makhleb.
  3539 | D:5      | Entered Level 5 of the Dungeon
  3753 | D:5      | Noticed a hungry ghost
  3764 | D:5      | Killed a hungry ghost
  3764 | D:5      | Reached skill level 11 in Stealth
  3810 | D:5      | Shot with an arrow by a centaur

Vault maps used:
D:1:      onia_arrival_pentagram
D:2:      first_bread, minmay_misc_feat_four_crosses, bloody_makhleb
D:3:      minmay_door_path, serial_glass, glass_columns_a, glass_columns_b
D:4:      nicolae_overflow_crystal_walls, lemuel_temple_firewalk_marked,
          serial_shops, nicolae_shop_waterfront, nicolae_shop_window_shopping,
          trog_three_pillars_becter
Temple:   circular_temple_12

Action                   |  1- 3 |  4- 6 |  7- 9 || total
-------------------------+-------+-------+-------++-------
Melee: Short sword       |    46 |     1 |       ||    47
       Dagger            |       |    65 |    43 ||   108
Throw: Javelin           |       |       |     9 ||     9
       Stone             |       |       |     1 ||     1
Invok: Evolution         |       |       |     1 ||     1
Evoke: Wand              |     7 |     4 |       ||    11
 Stab: Sleeping          |     8 |    21 |    14 ||    43
       Distracted        |       |     1 |       ||     1
  Eat: Chunk             |       |     2 |       ||     2
       Meat ration       |       |     1 |     1 ||     2
